 Dungeon Crawl Stone Soup version 0.18.1-6-gd335043 (webtiles) character file.

1362 M4edhros the Cleaver (level 8, -1/103 HPs)
             Began as a Minotaur Berserker on May 20, 2016.
             Was a Believer of Trog.
             Slain by an ice beast (3 damage)
             ... on level 10 of the Dungeon.
             The game lasted 00:06:07 (1352 turns).

M4edhros the Cleaver (Minotaur Berserker)           Turns: 1352, Time: 00:06:07

Health: -1/103     AC:  3    Str: 30    XL:     8   Next: 37%
Magic:  7/7        EV: 13    Int:  4    God:    Trog [**....]
Gold:   167        SH:  0    Dex: 11    Spells: 0 memorised, 7 levels left

rFire  . . .     SeeInvis .     r - +0 battleaxe
rCold  . . .     Gourm    .     p - +1 robe of the Game of Life {Regen+}
rNeg   + . .     Faith    .     (shield currently unavailable)
rPois  .         Spirit   .     (helmet restricted)
rElec  .         Dismiss  .     (no cloak)
rCorr  .         Reflect  .     (no gloves)
SustAt .         Harm     .     (no boots)
MR     .....                    (no amulet)
Stlth  ..........               l - ring of positive energy
                                n - +2 ring of strength

@: berserking, very quick, not resistant to hostile enchantments, extremely
unstealthy
A: retaliatory headbutt, horns 2
a: Berserk, Trog's Hand, Burn Spellbooks, Renounce Religion


You were on level 10 of the Dungeon.
You worshipped Trog.
Trog was pleased with you.
You were hungry.

You visited 1 branch of the dungeon, and saw 10 of its levels.

You collected 167 gold pieces.

Inventory:

Hand Weapons
 a - a +0 hand axe
 r - a +0 battleaxe (weapon)
Missiles
 j - 7 javelins of penetration (quivered)
 t - 8 curare-tipped needles
Armour
 o - a +0 chain mail
 p - the +1 robe of the Game of Life (worn) {Regen+}
   (You found it on level 8 of the Dungeon)

   It increases your rate of regeneration.
Jewellery
 l - a ring of positive energy (right hand)
 n - a +2 ring of strength (left hand)
Wands
 d - a wand of confusion (38/48)
 f - a wand of polymorph (15/24)
Scrolls
 e - a scroll of noise {unknown}
 g - a scroll of enchant weapon {unknown}
 i - 4 scrolls of teleportation {unknown}
 k - 2 scrolls of identify {unknown}
 m - a scroll of fear {unknown}
 q - a scroll of holy word {unknown}
Potions
 h - 4 potions of flight
 s - a potion of curing
Books
 u - a book of Dreams

   Spells                             Type                      Level
   a - Ensorcelled Hibernation        Hexes/Ice                    2
   b - Silence                        Hexes/Air                    5
   c - Darkness                       Hexes                        6
   d - Shadow Creatures               Summoning                    6
   Trog disapproves of the use of such an item.
 v - a book of Battle

   Spells                             Type                      Level
   a - Infusion                       Charms                       1
   b - Shroud of Golubria             Charms/Translocation         2
   c - Song of Slaying                Charms                       2
   d - Spectral Weapon                Hexes/Charms                 3
   e - Regeneration                   Charms/Necromancy            3
   Trog disapproves of the use of such an item.
Comestibles
 b - 3 fruits
 c - 5 bread rations


   Skills:
 + Level 5.5 Fighting
 * Level 10.4 Axes
 - Level 4.5 Armour
 * Level 4.8 Dodging


You had 7 spell levels left.
You didn't know any spells.

Dungeon Overview and Level Annotations

Branches:
Dungeon (10/15)            Temple (0/1) D:5
   Lair: D:8-11         Orc: D:9-12

Altars:
Trog
The Shining One

Annotations:
D:8 1 runed door, Erolcha
D:10 Grum


Innate Abilities, Weirdness & Mutations

You reflexively headbutt those who attack you in melee.
You have a pair of horns on your head.


Message History

* * * LOW HITPOINT WARNING * * *
The wolf bites you.
* * * LOW HITPOINT WARNING * * *
The ice beast closely misses you.
Unknown command.
Unknown command.
Unknown command.
You closely miss the ice beast. You headbutt the ice beast!!
The ice beast is severely wounded.
You closely miss the quasit. You barely miss the wolf.
The wolf is heavily wounded.
The wolf bites you.
* * * LOW HITPOINT WARNING * * *
Grum closely misses you.
The quasit bites you but does no damage.
The quasit claws you but does no damage.
The quasit closely misses you. The wolf bites you!
* * * LOW HITPOINT WARNING * * *
The ice beast hits you.
You die...

......#..........# ##
#...##...#..## ...
#####..#..#..#
....##......#<...##
....#................
...........)..........
....o........#........
......†5...........##.
.....gh@.......#...#
..$#.oY..............
......o...........#..
##........W.....#
#.<............
................
.#.............
..............


You could see Grum, a wraith, an orc warrior, an ice beast, a wolf, a quasit and
2 orcs.

Vanquished Creatures
  A two-headed ogre (D:8)
  An ogre (D:5)
  2 wolves (D:10)
  3 centaurs
  2 giant frogs
  4 killer bees (D:7)
  2 crimson imps (D:8)
  A centaur zombie (D:7)
  2 hounds
  A centaur skeleton (D:8)
  An orc wizard (D:5)
  An iguana (D:7)
  2 worker ants (D:7)
  A hound zombie (D:5)
  A hound skeleton (D:5)
  2 adders
  2 dart slugs
  A giant gecko (D:2)
  5 orcs
  A giant cockroach (D:5)
  4 goblins
  A hobgoblin (D:1)
  2 jackals (D:7)
  3 kobolds (D:1)
  A quokka (D:3)
  A ball python (D:2)
  A giant gecko skeleton (D:7)
  5 giant newts
  A quokka zombie (D:7)
  A rat (D:2)
56 creatures vanquished.

Notes
Turn   | Place    | Note
--------------------------------------------------------------
     0 | D:1      | M4edhros the Minotaur Berserker began the quest for the Orb.
     0 | D:1      | Reached XP level 1. HP: 19/19 MP: 0/0
    17 | D:1      | Reached skill level 4 in Axes
    23 | D:1      | Reached XP level 2. HP: 18/26 MP: 1/1
   424 | D:4      | Reached ** piety under Trog
   475 | D:5      | Entered Level 5 of the Dungeon
   479 | D:5      | Noticed an ogre
   483 | D:5      | Killed an ogre
   483 | D:5      | Reached skill level 6 in Axes
   483 | D:5      | Reached XP level 3. HP: 31/31 MP: 2/2
   483 | D:5      | Reached XP level 4. HP: 39/39 MP: 3/3
   490 | D:5      | Reached XP level 5. HP: 45/45 MP: 4/4
   493 | D:5      | Reached skill level 7 in Axes
   517 | D:5      | Found a staircase to the Ecumenical Temple.
   616 | D:5      | Noticed a centaur
   624 | D:5      | Killed a centaur
   628 | D:5      | Reached skill level 8 in Axes
   684 | D:5      | Noticed a centaur
   695 | D:5      | Killed a centaur
   695 | D:5      | Reached XP level 6. HP: 17/51 MP: 5/5
   771 | D:6      | Reached skill level 9 in Axes
   836 | D:7      | Found a bloodstained altar of Trog.
   874 | D:7      | Reached XP level 7. HP: 17/59 MP: 6/6
   913 | D:8      | Got a twisted robe
   924 | D:8      | Identified the +1 robe of Ezir {rCorr} (You found it on level 8 of the Dungeon)
   936 | D:8      | Found a glowing golden altar of the Shining One.
   938 | D:8      | Found a runed door.
   938 | D:8      | Noticed an angel
   945 | D:8      | Noticed a two-headed ogre
   952 | D:8      | Killed a two-headed ogre
   957 | D:8      | Noticed Erolcha
   963 | D:8      | HP: 1/60 [Erolcha/fireball (10)]
  1071 | D:7      | Reached skill level 5 in Fighting
  1076 | D:7      | Reached XP level 8. HP: 23/68 MP: 7/7
  1081 | D:7      | Reached skill level 10 in Axes
  1235 | D:8      | Got a heavy robe
  1249 | D:8      | Identified the +1 robe of the Game of Life {Regen+} (You found it on level 8 of the Dungeon)
  1323 | D:10     | Entered Level 10 of the Dungeon
  1344 | D:10     | Noticed Grum
  1352 | D:10     | HP: 2/103 [wolf[Grum] (7)]
  1352 | D:10     | Slain by an ice beast

Skill      XL: |  1  2  3  4  5  6  7  8 |
---------------+-------------------------+-----
Axes           | 4 6 8 9 10 | 10.4
Fighting       | 4 5 |  5.5
Armour         | 4 |  4.5
Dodging        | 4 |  4.8

Action                   |  1- 3 |  4- 6 |  7- 9 || total
-------------------------+-------+-------+-------++-------
Melee: Hand axe          |    36 |    45 |     6 ||    87
       Headbutt          |     5 |    12 |    11 ||    28
       Battleaxe         |       |       |    40 ||    40
Invok: Berserk           |     3 |     3 |     3 ||     9
       Trog's Hand       |       |     1 |     2 ||     3
  Use: Potion            |       |     4 |       ||     4
       Scroll            |       |       |     1 ||     1
  Eat: Chunk             |       |     3 |     1 ||     4
       Meat ration       |       |     1 |       ||     1
       Fruit             |       |       |     1 ||     1
Armor: Animal skin       |     1 |       |       ||     1
       Chain mail        |     3 |    20 |    32 ||    55
       Robe              |       |       |     3 ||     3
Dodge: Dodged            |    15 |    26 |    42 ||    83
